 Dungeon Crawl Stone Soup version 0.31-a0-640-g39d97e502b (webtiles) character file.

Game seed: 7307531619218794699

138 Babbit the Firebug (level 5, -10/28 HPs)
             Began as a Gargoyle Fire Elementalist on Aug 27, 2023.
             Killed from afar by an orc wizard (11 damage)
             ... with a puff of flame
             ... on level 3 of the Dungeon.
             The game lasted 00:17:18 (2237 turns).

Babbit the Firebug (Gargoyle Fire Elementalist)     Turns: 2237, Time: 00:17:20

Health: -10/28     AC:  7    Str: 12    XL:     5   Next: 21%
Magic:  1/9        EV: 12    Int: 23    God:
Gold:   99         SH:  0    Dex: 10    Spells: 6/9 levels left

rFire   . . .        l - +2 short sword (drain)
rCold   . . .        (no shield)
rNeg    + . .        a - +0 robe
rPois   ∞            (no helmet)
rElec   +            (no cloak)
rCorr   .            (no gloves)
SInv    .            m - +0 pair of boots
Will    +....        (no amulet)
Stlth   ++           e - +6 ring of intelligence
HPRegen 0.24/turn    h - ring of willpower
MPRegen 0.11/turn

%: no passive effects
@: no status effects
A: sickness immunity, AC +4, negative energy resistance 1, electricity
resistance, torment resistance 1, petrification resistance
a: no special abilities


You were on level 3 of the Dungeon.
You visited 1 branch of the dungeon, and saw 3 of its levels.

You collected 99 gold pieces.

Inventory:

Hand Weapons
 l - a +2 short sword of draining (weapon)
Missiles
 i - 6 javelins
Armour
 a - a +0 robe (worn)
 m - a +0 pair of boots (worn)
Jewellery
 e - a +6 ring of intelligence (left hand)
 h - a ring of willpower (right hand)
Scrolls
 j - a scroll of enchant weapon {unknown}
 n - a scroll of poison {unknown}
 o - a scroll of revelation {unknown}
Potions
 b - a potion of magic
 c - 2 potions of haste {unknown}
 f - a potion of lignification
 g - a potion of heal wounds
 k - a potion of might


   Skills:
 + Level 0.9 Fighting
 + Level 1.7 Dodging
 + Level 2.9 Stealth
 + Level 2.7 Spellcasting
 + Level 2.8 Conjurations
 + Level 4.1 Fire Magic


You had 6 spell levels left.
You knew the following spells:

 Your Spells              Type           Power      Damage    Failure   Level
a - Foxfire               Conj/Fire      76%        2x1d7     3%          1
b - Scorch                Fire           44%        2d6       3%          2

Your spell library contained the following spells:

 Spells                   Type           Power      Damage    Failure   Level
 Inner Flame              Hex/Fire       12%        N/A       16%         3
 Volatile Blastmotes      Fire/Tloc      24%        2d12      16%         3
 Flame Wave               Conj/Fire      19%        2d7       28%         4


Dungeon Overview and Level Annotations

Branches:
Dungeon (3/15)

Altars:

Shops:
D:1 *


Innate Abilities, Weirdness & Mutations

You are immune to sickness and miasma.
Your stone body is resilient. (AC +4)
You are immune to poison.
You resist negative energy. (rN+)
You are resistant to electric shocks. (rElec)
You are resistant to unholy torment.
You are immune to petrification.


Message History

The orc priest is almost dead.
The orc priest looks encouraged for a moment.
Casting: Foxfire (safe; 3% risk of failure)
Confirm with . or Enter, or press ? or * to list all spells.
You conjure some foxfire!
The foxfire hits the orc priest.
The orc priest is almost dead.
Casting: Foxfire (safe; 3% risk of failure)
Confirm with . or Enter, or press ? or * to list all spells.
You conjure some foxfire!
The foxfire hits the orc priest.
You kill the orc priest!
You have reached level 5!
The foxfire hits something. x2
Casting: Foxfire (safe; 3% risk of failure)
Confirm with . or Enter, or press ? or * to list all spells.
You conjure some foxfire!
Your foxfire dissipates!
The foxfire hits something.
A magic dart appears from out of thin air!
The magic dart hits you.
* * * LOW HITPOINT WARNING * * *
An orc wizard appears from thin air!
Reactivating autopickup.
You hit the kobold. You drain the kobold.
You kill the kobold!
Something hits you.
* * * LOW HITPOINT WARNING * * *
Deactivating autopickup; reactivate with Ctrl-A.
The orc wizard barely misses you. Something hits you.
* * * LOW HITPOINT WARNING * * *
Things that are here:
a +0 short sword; a kobold corpse You hit the orc wizard.
You drain the orc wizard.
The orc wizard is heavily wounded.
The orc wizard hits you with a +0 dagger.
* * * LOW HITPOINT WARNING * * *
You hear some strange, mumbled words.
A puff of flame appears from out of thin air!
The puff of flame hits you!
You die...

##... #.# #.... #.# #.# #...#
#.# #.# #...# #.# #.#
#...#########.### #.# # ###
#........##.....# #.#####.#
..####....###.##.#...#
#..!.....
...............#{....####.....#
................@o......)....)#
...............#....)####.....#
..####....###.##.....# #.....#
### #........####.### #######
#...###### #.# #...# #.# #...#
#.# #...# ... ..... .#


You could see an orc wizard (very drained).

Vanquished Creatures
  An orc priest (D:3)
  Terence (D:2)
  3 adders (D:2)
  A worm (D:2)
  A dart slug (D:2)
  An orc (D:3)
  2 endoplasms
  3 giant cockroaches
  5 hobgoblins
  A jackal (D:2)
  6 kobolds
  5 quokkas
  3 ball pythons
  6 bats
  2 frilled lizards (D:1)
  2 goblins (D:2)
  4 rats
47 creatures vanquished.

Vanquished Creatures (collateral kills)
  An orc (D:3)
1 creature vanquished.

Vanquished Creatures (others)
  143 foxfires
143 creatures vanquished.

Grand Total: 191 creatures vanquished

Notes
Turn   | Place    | Note
-------+----------+-------------------------------------------
     0 | D:1      | Babbit the Gargoyle Fire Elementalist began the quest for
                  | the Orb.
     0 | D:1      | Reached XP level 1. HP: 10/10 MP: 3/3
   260 | D:1      | Reached XP level 2. HP: 15/15 MP: 3/5
   535 | D:1      | Found a faded altar of an unknown god.
   633 | D:1      | Found Xeyghowu's Assorted Antiques.
  1020 | D:2      | Reached XP level 3. HP: 19/19 MP: 4/6
  1349 | D:2      | Noticed Terence
  1363 | D:2      | Killed Terence
  1364 | D:2      | Reached XP level 4. HP: 15/24 MP: 0/7
  1369 | D:2      | Learned a level 2 spell: Scorch
  2179 | D:3      | Reached skill level 4 in Fire Magic
  2228 | D:3      | Reached XP level 5. HP: 11/28 MP: 0/9
  2237 | D:3      | HP: 1/28 [orc wizard/+0 dagger (4)]
  2237 | D:3      | Killed from afar by an orc wizard

Illustrated notes

Levels and vault maps discovered:
D:1:      ebering_trefoil_3fold, layout_basic,
          hellmonk_ecumenical_altar_lost_god, serial_shops, shop,
          chequers_serial_rivers_small_3
D:2:      layout_loops_cross, mrwooster_statue_mirror, minmay_box_of_dots,
          uniq_terence
D:3:      layout_loops_cross, old_standard_altar

Skill      XL: |  1  2  3  4 |
---------------+-------------+-----
Conjurations   | 2 |  2.8
Fire Magic     | 4 |  4.1
Fighting       | |  0.9
Dodging        | |  1.7
Stealth        | |  2.9
Spellcasting   | |  2.7

Action                     |  1- 3 |  4- 6 || total
---------------------------+-------+-------++-------
  Melee: Unarmed           |    13 |       ||    13
         Short sword       |     2 |     6 ||     8
   Cast: Foxfire           |    66 |    36 ||   102
    Use: Scroll            |     4 |     2 ||     6
 Armour: Robe              |    14 |     7 ||    21
  Dodge: Dodged            |    32 |     4 ||    36

Table legend: (Time is in decaauts)
 A = Elapsed time spent in this place.
 B = Non-inter-level travel time spent in this place.
 C = Inter-level travel time spent in this place.
 D = Time resting spent in this place.
 E = Time spent auto-exploring this place.
 F = Levels seen in this place.
 G = Mean time per level.
                   A        B        C        D        E       F      G
               +--------+--------+--------+--------+--------+-----+--------+
         Total |   2237 |   2204 |     33 |    432 |   1263 |   3 |  745.7 |
       Dungeon |   2237 |   2204 |     33 |    432 |   1263 |   3 |  745.7 |
               +--------+--------+--------+--------+--------+-----+--------+

Top non-repeatable levels by time:
     D:2: 1114 daAuts
     D:1: 917 daAuts
     D:3: 204 daAuts
